 Dungeon Crawl Stone Soup version 0.30-a0-782-ge64f9170bb (webtiles) character file.

Game seed: 10642947931227565087

6930 senseless the Basher (level 11, -11/89 HPs)
             Began as a Gnoll Chaos Knight on Mar 2, 2023.
             Was an Initiate of Gozag.
             Killed from afar by an acid dragon (22 damage)
             ... with a splash of acid
             ... on level 9 of the Dungeon.
             The game lasted 00:28:04 (6964 turns).

senseless the Basher (Gnoll Chaos Knight)           Turns: 6964, Time: 00:28:04

Health: -11/89     AC:  6    Str: 16    XL:     11   Next: 7%
Magic:  20/20      EV: 14    Int: 10    God:    Gozag
Gold:   1443       SH:  0    Dex: 11    Spells: 21/22 levels left

rFire   . . .      SeeInvis .    x - +3 mace (freeze)
rCold   + . .      Faith    .    d - orb {*channel}
rNeg    . . .      Spirit   .    h - +1 chain mail {rC+}
rPois   +          Reflect  .    A - +0 hat
rElec   .          Harm     .    B - +0 cloak
rCorr   .          Rampage  .    (no gloves)
Will    .....                    z - +0 pair of boots Stlth
                                 q - amulet of regeneration
HPRegen 1.14/turn                f - +5 ring of evasion
MPRegen 0.17/turn                y - ring of poison resistance

@: corroded
A: fangs 1, strong nose, distributed training, horns 2, dopey 1
a: Renounce Religion, Potion Petition, Call Merchant, Bribe Branch


You were on level 9 of the Dungeon.
You worshipped Gozag.
Gozag was most pleased with you.
You visited 1 branch of the dungeon, and saw 9 of its levels.

You collected 1443 gold pieces.

Inventory:

Hand Weapons
 x - a +3 mace of freezing (weapon)
 E - a +2 flail of holy wrath
Armour
 d - an orb of energy (worn)
 h - a +1 chain mail of cold resistance (worn)
 z - a +0 pair of boots (worn)
 A - a +0 hat (worn)
 B - a +0 cloak (worn)
Jewellery
 f - a +5 ring of evasion (left hand)
 p - an amulet of the acrobat
 q - an amulet of regeneration (around neck)
 y - a ring of poison resistance (right hand)
 H - a ring of fire
Wands
 e - a wand of iceblast (7)
 l - a wand of polymorph (8)
 m - a wand of flame (28)
 n - a wand of quicksilver (9)
 u - a wand of mindburst (11)
 I - a wand of paralysis (6)
Scrolls
 a - a scroll of enchant armour {unknown}
 k - 3 scrolls of teleportation
 v - a scroll of brand weapon
 F - 2 scrolls of poison
Potions
 b - a potion of berserk rage {unknown}
 g - 6 potions of curing
 j - 2 potions of invisibility
 o - a potion of magic
 r - a potion of ambrosia
 s - a potion of might
 t - 2 potions of mutation
 w - a potion of haste {unknown}
 G - a potion of cancellation {unknown}
Miscellaneous
 c - a piece from Xom's chessboard (14/15) (quivered)


   Skills:
 + Level 9.1 Fighting
 + Level 6.1 Short Blades
 + Level 6.1 Long Blades
 + Level 6.1 Axes
 + Level 9.1 Maces & Flails
 + Level 6.1 Polearms
 + Level 6.1 Staves
 + Level 6.1 Ranged Weapons
 + Level 6.1 Throwing
 + Level 7.7 Armour
 + Level 6.7 Dodging
 + Level 6.1 Stealth
 + Level 6.1 Shields
 + Level 6.1 Unarmed Combat
 + Level 6.1 Spellcasting
 + Level 5.1 Conjurations
 + Level 5.1 Hexes
 + Level 5.1 Summonings
 + Level 5.1 Necromancy
 + Level 5.1 Translocations
 + Level 5.1 Transmutations
 + Level 5.1 Fire Magic
 + Level 5.1 Ice Magic
 + Level 5.1 Air Magic
 + Level 5.1 Earth Magic
 + Level 5.1 Poison Magic
 + Level 6.7 Invocations
 + Level 6.1 Evocations


You had 21 spell levels left.
You knew the following spells:

 Your Spells              Type           Power      Damage    Failure   Level
a - Freeze                Ice            52%        1d6       32%         1

Your spell library contained the following spells:

 Spells                   Type           Power      Damage    Failure   Level
 Slow                     Hex            52%        N/A       32%         1
 Confusing Touch          Hex            13%        N/A       67%         3
 Frozen Ramparts          Ice            26%        1d4       67%         3
 Hailstorm                Conj/Ice       13%        3d5       67%         3
 Vampiric Draining        Necr           13%        2d6       67%         3


Dungeon Overview and Level Annotations

Branches:
Dungeon (9/15)             Temple (0/1) D:6
   Lair: D:8-11         Orc: D:9-12

Altars:
Ashenzari
Gozag
Trog

Annotations:
D:6 3 runed translucent doors, Gnu's ghost, novice TrFi


Innate Abilities, Weirdness & Mutations

You have very sharp teeth.
Your uncanny sense of smell can sniff out nearby items.
Your experience applies equally to all skills.
You have a pair of horns on your head.
You are dopey. (Int -2)


Message History

The acid dragon completely misses you. The acid dragon claws you.
A centaur comes into view.
You hit the acid dragon but do no damage.
The acid dragon is almost dead.
The acid dragon bites you! The acid dragon claws you.
You are too injured to fight recklessly!
You are too injured to fight recklessly!
You are too injured to fight recklessly!
The acid dragon completely misses you. The acid dragon barely misses you.
You hit the acid dragon but do no damage.
The acid dragon is almost dead.
The acid dragon spits acid at you. The splash of acid hits you!!
* * * LOW HITPOINT WARNING * * *
You hit the acid dragon. You freeze the acid dragon.
You headbutt the acid dragon, but do no damage.
The acid dragon is almost dead.
The acid dragon bites you!
* * * LOW HITPOINT WARNING * * *
The acid dragon claws you but does no damage.
You barely miss the acid dragon.
You bite the acid dragon, but do no damage.
The acid dragon is almost dead.
The acid dragon bites you but does no damage.
The acid dragon claws you.
* * * LOW HITPOINT WARNING * * *
You hit the acid dragon but do no damage.
The acid dragon is almost dead.
The centaur barely misses you. The centaur completely misses you.
The acid dragon misses you. x2
You hit the acid dragon but do no damage.
The acid dragon is almost dead.
The centaur hits you but does no damage.
The centaur misses you. The centaur hits you.
* * * LOW HITPOINT WARNING * * *
The centaur barely misses you. The acid dragon spits acid at you.
The splash of acid hits you!!
You die...
Your body crumbles into a pile of gold.

∆ #... ..c ... ≈≈. ..
##≈. #. ≈#≈.
##.######## # ...
#..D@.....# #≈ #≈.
#..c......###≈#####≈.
#.........##.≈≈≈≈≈≈≈.
#.........##.........
#.........#..........
#.........#..........
#....................
#..........#.........
#.........##...).....


You could see an acid dragon (catching breath) and a centaur.

Vanquished Creatures
  A two-headed ogre (D:7)
  Amaemon (D:7)
  Maggie (D:8)
  A shadow (D:9)
  5 yaks (D:7)
  A wyvern (D:7)
  3 steam dragons
  Grum (D:7)
  2 water moccasins
  An acid dragon (D:8)
  2 orc warriors (D:8)
  3 black bears
  3 ice beasts
  5 sky beasts
  2 ogres
  3 wolves (D:7)
  A centaur (D:7)
  A kobold brigand (D:7)
  3 phantoms
  A gnoll sergeant (D:9)
  6 bullfrogs
  4 necrophages
  3 scorpions
  2 wights (D:7)
  2 howler monkeys
  A lava snake (D:9)
  2 gnoll boudas
  3 orc priests
  A hound (D:5)
  An iguana (D:5)
  7 orc wizards
  14 gnolls
  5 adders
  A shadow imp (D:6)
  An ufetubus (D:5)
  A worm (D:2)
  A dart slug (D:1)
  17 orcs
  8 ball pythons
  6 bats
  9 endoplasms
  5 giant cockroaches
  10 goblins
  6 hobgoblins
  2 quokkas (D:3)
  A frilled lizard (D:1)
  9 kobolds
  4 rats
173 creatures vanquished.

Vanquished Creatures (others)
  4 fungi
  9 plants
13 creatures vanquished.

Grand Total: 186 creatures vanquished

Notes
Turn   | Place    | Note
-------+----------+-------------------------------------------
     0 | D:1      | senseless the Gnoll Chaos Knight began the quest for the
                  | Orb.
     0 | D:1      | Reached XP level 1. HP: 23/23 MP: 1/1
   144 | D:1      | XOM: silly message
   174 | D:1      | Reached XP level 2. HP: 29/29 MP: 2/2
   436 | D:1      | Reached XP level 3. HP: 35/35 MP: 3/3
   442 | D:1      | XOM: divination: magic mapping
   532 | D:1      | XOM: noise
   667 | D:2      | Reached skill level 1 in Invocations
   729 | D:2      | Found a broken altar of Ashenzari.
   763 | D:2      | Learned a level 1 spell: Freeze
   808 | D:2      | Reached skill level 1 in Short Blades
   808 | D:2      | Reached skill level 1 in Long Blades
   808 | D:2      | Reached skill level 1 in Axes
   808 | D:2      | Reached skill level 1 in Polearms
   808 | D:2      | Reached skill level 1 in Staves
   808 | D:2      | Reached skill level 1 in Ranged Weapons
   808 | D:2      | Reached skill level 1 in Throwing
   808 | D:2      | Reached skill level 1 in Stealth
   808 | D:2      | Reached skill level 1 in Shields
   808 | D:2      | Reached skill level 1 in Unarmed Combat
   808 | D:2      | Reached skill level 1 in Spellcasting
   808 | D:2      | Reached skill level 1 in Evocations
   955 | D:2      | Noticed a scorpion
   966 | D:2      | Killed a scorpion
   967 | D:2      | Reached skill level 1 in Conjurations
   967 | D:2      | Reached skill level 1 in Hexes
   967 | D:2      | Reached skill level 1 in Summonings
   967 | D:2      | Reached skill level 1 in Necromancy
   967 | D:2      | Reached skill level 1 in Translocations
   967 | D:2      | Reached skill level 1 in Transmutations
   967 | D:2      | Reached skill level 1 in Fire Magic
   967 | D:2      | Reached skill level 1 in Ice Magic
   967 | D:2      | Reached skill level 1 in Air Magic
   967 | D:2      | Reached skill level 1 in Earth Magic
   967 | D:2      | Reached skill level 1 in Poison Magic
   967 | D:2      | Reached XP level 4. HP: 33/41 MP: 4/6
  1109 | D:2      | XOM: god gift: 41 gold pieces
  1342 | D:3      | Reached XP level 5. HP: 47/47 MP: 7/7
  1620 | D:3      | XOM: god gift: wand of flame (12)
  2023 | D:3      | XOM: snakes to sticks
  2038 | D:3      | Found a faded altar of an unknown god.
  2044 | D:3      | Prayed at the altar of an unknown god.
  2044 | D:3      | Fell from the grace of Xom
  2044 | D:3      | Became a worshipper of Gozag Ym Sagoz the Greedy
  2102 | D:4      | Gained mutation: You have a pair of small horns on your
                  | head. [potion of mutation]
  2102 | D:4      | Gained mutation: You have a pair of horns on your head.
                  | [potion of mutation]
  2129 | D:4      | Noticed an ogre
  2164 | D:5      | Entered Level 5 of the Dungeon
  2178 | D:5      | XOM: torment (15/47 hp)
  2304 | D:4      | XOM: give mutation
  2304 | D:4      | Gained mutation: You are dopey. (Int -2) [Xom's mischief]
  2475 | D:4      | Noticed a phantom
  2483 | D:4      | Killed a phantom
  2484 | D:4      | Reached XP level 6. HP: 51/53 MP: 8/8
  2558 | D:4      | Reached skill level 5 in Armour
  2724 | D:4      | XOM: noise
  2788 | D:4      | Reached XP level 7. HP: 60/60 MP: 10/10
  2909 | D:5      | XOM: 1-stop teleportation journey
  3135 | D:5      | Found a bloodstained altar of Trog.
  3174 | D:5      | Reached XP level 8. HP: 51/67 MP: 12/12
  4084 | D:6      | Reached XP level 9. HP: 73/73 MP: 13/15
  4124 | D:6      | Found a staircase to the Ecumenical Temple.
  4270 | D:6      | Found a runed translucent gate.
  4270 | D:6      | Found a runed translucent gate.
  4270 | D:6      | Found a runed translucent gate.
  4271 | D:6      | Noticed Gnu's ghost (novice TrFi)
  4404 | D:7      | Reached skill level 5 in Dodging
  4468 | D:7      | Noticed a two-headed ogre
  4480 | D:7      | Killed a two-headed ogre
  4481 | D:7      | Reached skill level 5 in Invocations
  4520 | D:7      | XOM: noise
  5246 | D:7      | Reached skill level 5 in Short Blades
  5246 | D:7      | Reached skill level 5 in Long Blades
  5246 | D:7      | Reached skill level 5 in Axes
  5246 | D:7      | Reached skill level 5 in Polearms
  5246 | D:7      | Reached skill level 5 in Staves
  5246 | D:7      | Reached skill level 5 in Ranged Weapons
  5246 | D:7      | Reached skill level 5 in Throwing
  5246 | D:7      | Reached skill level 5 in Stealth
  5246 | D:7      | Reached skill level 5 in Shields
  5246 | D:7      | Reached skill level 5 in Unarmed Combat
  5246 | D:7      | Reached skill level 5 in Spellcasting
  5246 | D:7      | Reached skill level 5 in Evocations
  5246 | D:7      | Reached XP level 10. HP: 39/75 MP: 17/17
  5366 | D:8      | Noticed Maggie
  5386 | D:8      | Noticed Grum
  5568 | D:7      | Killed Grum
  5710 | D:8      | Killed Maggie
  5843 | D:8      | XOM: chaos upgrade
  6342 | D:9      | Noticed Amaemon
  6342 | D:9      | Noticed an orange demon
  6587 | D:7      | Killed Amaemon
  6668 | D:8      | Reached skill level 5 in Conjurations
  6668 | D:8      | Reached skill level 5 in Hexes
  6668 | D:8      | Reached skill level 5 in Summonings
  6668 | D:8      | Reached skill level 5 in Necromancy
  6668 | D:8      | Reached skill level 5 in Translocations
  6668 | D:8      | Reached skill level 5 in Transmutations
  6668 | D:8      | Reached skill level 5 in Fire Magic
  6668 | D:8      | Reached skill level 5 in Ice Magic
  6668 | D:8      | Reached skill level 5 in Air Magic
  6668 | D:8      | Reached skill level 5 in Earth Magic
  6668 | D:8      | Reached skill level 5 in Poison Magic
  6681 | D:8      | Reached XP level 11. HP: 87/89 MP: 20/20
  6833 | D:9      | XOM: chaos upgrade
  6964 | D:9      | Killed from afar by an acid dragon

Illustrated notes

Levels and vault maps discovered:
D:1:      grunt_arrival_crossed_arrows, layout_rooms
D:2:      layout_basic, basic_altar
D:3:      layout_loops_ring, shapermc_ecumenical_altar_hornbeckon,
          kennysheep_generic_room_15
D:4:      layout_basic
D:5:      layout_gridville, mainiacjoe_overflow_boulevard, abandoned_shop
D:6:      layout_basic, minmay_temple_entry_hall, gammafunk_ghost_nasty_kobolds
D:7:      layout_loops_ring, dk_rats_in_the_wall
D:8:      layout_layer_cave, minmay_fractal_squares_5, uniq_grum, uniq_maggie
D:9:      layout_roguey, nicolae_overflow_crystal_walls,
          nicolae_overflow_two_pavilions, uniq_amaemon

Skill      XL: |  1  2  3  4  5  6  7  8  9 10 |
---------------+-------------------------------+-----
Invocations    | 1 2 3 4 5 6 |  6.7
Short Blades   | 1 2 3 4 5 6 |  6.1
Long Blades    | 1 2 3 4 5 6 |  6.1
Axes           | 1 2 3 4 5 6 |  6.1
Polearms       | 1 2 3 4 5 6 |  6.1
Staves         | 1 2 3 4 5 6 |  6.1
Ranged Weapons | 1 2 3 4 5 6 |  6.1
Throwing       | 1 2 3 4 5 6 |  6.1
Stealth        | 1 2 3 4 5 6 |  6.1
Shields        | 1 2 3 4 5 6 |  6.1
Unarmed Combat | 1 2 3 4 5 6 |  6.1
Spellcasting   | 1 2 3 4 5 6 |  6.1
Evocations     | 1 2 3 4 5 6 |  6.1
Conjurations   | 1 2 3 4 5 |  5.1
Hexes          | 1 2 3 4 5 |  5.1
Summonings     | 1 2 3 4 5 |  5.1
Necromancy     | 1 2 3 4 5 |  5.1
Translocations | 1 2 3 4 5 |  5.1
Transmutations | 1 2 3 4 5 |  5.1
Fire Magic     | 1 2 3 4 5 |  5.1
Ice Magic      | 1 2 3 4 5 |  5.1
Air Magic      | 1 2 3 4 5 |  5.1
Earth Magic    | 1 2 3 4 5 |  5.1
Poison Magic   | 1 2 3 4 5 |  5.1
Dodging        | 3 4 5 6 |  6.7
Armour         | 5 6 7 |  7.7
Fighting       | 7 8 9 |  9.1
Maces & Flails | 7 8 9 |  9.1

Action                     |  1- 3 |  4- 6 |  7- 9 | 10-12 || total
---------------------------+-------+-------+-------+-------++-------
  Melee: Mace              |   116 |   128 |   271 |   319 ||   834
         Bite              |    10 |    12 |    29 |    41 ||    92
         Headbutt          |       |     8 |    49 |    77 ||   134
  Evoke: Piece from Xom's  |     9 |     5 |     3 |       ||    17
    Use: Scroll            |     8 |     7 |     5 |     1 ||    21
         Potion            |       |     2 |     1 |       ||     3
   Stab: Sleeping          |     1 |     1 |       |       ||     2
         Paralysed         |     1 |       |       |       ||     1
         Petrifying        |       |     1 |       |       ||     1
         Petrified         |       |     1 |       |       ||     1
         Distracted        |       |       |       |     1 ||     1
 Armour: Leather armour    |    47 |     1 |       |       ||    48
         Chain mail        |       |    55 |   164 |   184 ||   403
         Skin              |       |     4 |       |       ||     4
  Dodge: Dodged            |   103 |    71 |   196 |   272 ||   642

Table legend: (Time is in decaauts)
 A = Elapsed time spent in this place.
 B = Non-inter-level travel time spent in this place.
 C = Inter-level travel time spent in this place.
 D = Time resting spent in this place.
 E = Time spent auto-exploring this place.
 F = Levels seen in this place.
 G = Mean time per level.
                   A        B        C        D        E       F      G
               +--------+--------+--------+--------+--------+-----+--------+
         Total |   6991 |   6704 |    287 |    363 |   4531 |   9 |  776.8 |
       Dungeon |   6991 |   6704 |    287 |    363 |   4531 |   9 |  776.8 |
               +--------+--------+--------+--------+--------+-----+--------+

Top non-repeatable levels by time:
     D:7: 1441 daAuts
     D:5: 910 daAuts
     D:3: 873 daAuts
     D:8: 812 daAuts
     D:4: 690 daAuts
     D:6: 633 daAuts
     D:1: 625 daAuts
     D:2: 602 daAuts
     D:9: 401 daAuts
